 Dungeon Crawl Stone Soup version 0.20.1-1-g8b1a95d (webtiles) character file.

750307 Minstaer the Swordmaster (level 27, -9/270 HPs)
             Began as a Minotaur Gladiator on Nov 18, 2017.
             Was a Follower of Uskayaw.
             Killed from afar by an orb of fire (17 damage)
             ... with a fireball
             ... on level 5 of the Realm of Zot.
             The game lasted 05:15:20 (65614 turns).

Minstaer the Swordmaster (Minotaur Gladiator)      Turns: 65614, Time: 05:15:20

Health: -9/270     AC: 42    Str: 28    XL:     27
Magic:  36/36      EV: 20    Int:  5    God:    Uskayaw [*.....]
Gold:   3371       SH: 39    Dex: 16    Spells: 26/26 levels left

rFire    + + .     SeeInvis .   a - +10 zealot's sword {holy, *Rage rN+ EV+3}
rCold    + + +     Gourm    .   U - +4 large shield
rNeg     + + .     Faith    .   u - +3 crystal plate armour
rPois    +         Spirit   .   q - -2 hat of the Alchemist {rElec rPois rF+ rC+ rN+ MR+ rMut rCorr}
rElec    +         Reflect  +   K - +0 cloak of Xosorph {*Drain rC++ Stlth+} (curse)
rCorr    +         Harm     .   Q - +2 pair of gloves
rMut     +         Rnd*Rage +   H - +0 pair of boots {Fly}
MR       +++..                  y - brooch of Shielding {Reflect SH+8}
Stlth    ..........             i - ring "Haecsifo" {rElec rF+ Str+4}
Regen    0.6/turn               g - ring of Bubeuxawn {rElec rPois AC+4 Dex-2 Slay+6}
MPRegen  0.3/turn

@: berserk cooldown, hasted, very quick
A: retaliatory headbutt, claws 2, hooves 1, horns 2, yellow scales 1, clumsy 1,
cold resistance 1, poison resistance
0: Orb of Zot
}: 4/15 runes: barnacled, slimy, silver, gossamer
a: Stomp, Renounce Religion, Evoke Flight


You were on level 5 of the Realm of Zot.
You worshipped Uskayaw.
Uskayaw was greatly pleased with you.
You were not hungry.

You visited 11 branches of the dungeon, and saw 55 of its levels.
You visited the Abyss 2 times.
You also visited: Labyrinth and Bailey.

You collected 8668 gold pieces.
You spent 5297 gold pieces at shops.

Inventory:

Hand Weapons
 a - the +10 zealot's sword (weapon) {holy, *Rage rN+ EV+3}
   (You bought it in a shop on level 7 of the Dungeon)

   It has been blessed by the Shining One to cause great damage to the undead
   and demons.
   It affects your evasion (+3).
   It protects you from negative energy.
   It may make you go berserk in combat.
 b - the +4 long sword of Uhoomiwn {elec, rC+ rN+ Str+4}
   (You found it on level 3 of the Lair of Beasts)

   Occasionally, upon striking a foe, it will discharge some electrical energy
   and cause terrible harm.
   It affects your strength (+4).
   It protects you from cold.
   It protects you from negative energy.
Missiles
 M - 7 throwing nets (quivered)
Armour
 q - the -2 hat of the Alchemist (worn) {rElec rPois rF+ rC+ rN+ MR+ rMut rCorr}
   (You found it on level 4 of the Depths)

   It protects you from fire.
   It protects you from cold.
   It insulates you from electricity.
   It protects you from poison.
   It protects you from negative energy.
   It affects your resistance to hostile enchantments.
   It protects you from acid and corrosion.
   It protects you from mutation.
 u - a +3 crystal plate armour (worn)
 H - a +0 pair of boots of flying (worn)
 K - the cursed +0 cloak of Xosorph (worn) {*Drain rC++ Stlth+}
   (You found it on level 3 of the Elven Halls)

   It greatly protects you from cold.
   It causes draining when unequipped.
   It makes you more stealthy.
   It has a curse placed upon it.
 Q - a +2 pair of gloves (worn)
 U - a +4 large shield (worn)
Jewellery
 g - the ring of Bubeuxawn (right hand) {rElec rPois AC+4 Dex-2 Slay+6}
   (You took it off a tengu warrior on level 2 of the Depths)

   [ring of protection]

   It affects your AC (+4).
   It affects your dexterity (-2).
   It affects your accuracy and damage with ranged weapons and melee attacks
   (+6).
   It insulates you from electricity.
   It protects you from poison.
 i - the ring "Haecsifo" (left hand) {rElec rF+ Str+4}
   (You took it off a deep elf high priest on level 3 of the Elven Halls)

   [ring of protection from fire]

   It affects your strength (+4).
   It protects you from fire.
   It insulates you from electricity.
 y - the brooch of Shielding (around neck) {Reflect SH+8}
   (You took it off a deep elf sorcerer on level 3 of the Elven Halls)

   [amulet of reflection]

   It shields you and reflects attacks.
   It affects your SH (+8).
Wands
 d - a wand of digging (15/24)
 e - a wand of scattershot (4/9)
 o - a wand of acid (15/15)
 r - a wand of polymorph (13/24)
 B - a wand of flame (24/48)
 C - a wand of clouds (3/9)
 E - a wand of disintegration (22/24)
 L - a wand of lightning (7/15)
 S - a wand of enslavement (6/24)
 T - a wand of iceblast (10/15)
 Z - a wand of acid (10/15)
Scrolls
 n - 6 scrolls of magic mapping
 v - 4 scrolls of recharging
 w - 8 scrolls of blinking
 x - 15 scrolls of teleportation
 J - 7 scrolls of immolation
 P - 15 scrolls of remove curse
 R - 3 scrolls of vulnerability
 V - 2 scrolls of silence
 W - 5 scrolls of fog
 Y - 3 scrolls of torment
Potions
 h - 3 potions of resistance
 k - 4 potions of ambrosia
 l - 2 potions of might
 s - 8 potions of mutation
 z - 4 potions of haste
 D - 12 potions of curing
 F - 3 potions of invisibility
 O - 2 potions of agility
 X - 4 potions of lignification
Miscellaneous
 c - a lightning rod (4/4)
 m - a phial of floods (inert)
 p - a fan of gales
 G - 4 phantom mirrors
 N - a lamp of fire
Comestibles
 f - 29 bread rations
 j - 44 royal jellies


   Skills:
 + Level 26.3 Fighting
 O Level 27 Long Blades
 - Level 8.0 Throwing
 + Level 21.8 Armour
 - Level 17.0 Dodging
 + Level 26.5 Shields
 + Level 21.2 Invocations
 - Level 8.0 Evocations


You had 26 spell levels left.
You didn't know any spells.

Dungeon Overview and Level Annotations

Branches:
Dungeon (15/15)            Temple (1/1) D:7            Lair (6/6) D:11
 Shoals (4/4) Lair:2       Spider (4/4) Lair:4        Slime (5/5) Lair:5
    Orc (2/2) D:11            Elf (3/3) Orc:2        Vaults (5/5) D:14
  Crypt (0/3) Vaults:2     Depths (5/5) D:15            Zot (5/5) Depths:5

Altars:
Ashenzari
Cheibriados
Dithmenos
Elyvilon
Fedhas
Gozag
Hepliaklqana
Kikubaaqudgha
Makhleb
Nemelex Xobeh
Okawaru
Qazlal
Ru
Sif Muna
Trog
Uskayaw
Vehumet
Xom
Yredelemnul
Zin
The Shining One
Beogh
Jiyva

Shops:
D:4 }   D:7 (   D:13 *   D:14 =   D:15 ((?[*   Orc:2 ([?:   Shoals:3 *[*=
Vaults:3 ?   Vaults:4 }

Portals:
Hell: Depths:1 Depths:2 Depths:3 Depths:4 Depths:5
Abyss: Depths:4 Depths:5
Pandemonium: Depths:2 Depths:3
Ziggurat: Depths:4
Trove: Vaults:4 (give horn of Geryon)

Annotations:
D:3 1 runed door guarded by angels
D:12 Fire for forest needed
Spider:1 exclusion: Roxanne, Roxanne


Innate Abilities, Weirdness & Mutations

You reflexively headbutt those who attack you in melee.
You have a pair of horns on your head.
You have very sharp fingernails.
You have large cloven feet.
You are partially covered in yellow scales. (AC +2)
You are clumsy. (Dex -2)
Your flesh is cold resistant. (rC+)
Your system is resistant to poisons. (rPois)


Message History

A hell beast comes into view.
You found a permanent teleport trap!
Really walk into that permanent teleport trap?
You enter a permanent teleport trap!
Your surroundings suddenly seem different.
Your water elemental completely misses the orb of fire.
The orb of fire glows yellow.
The fireball explodes!
The fireball engulfs your water elemental.
Your water elemental is burned terribly!
Your water elemental is destroyed!
The fireball engulfs the orb of fire.
The orb of fire completely resists.
That item cannot be evoked!
Evoke which item? (* to show all) (? for menu, Esc to quit)
Okay, then.
An Orb Guardian comes into view.
You found a permanent teleport trap!
You found a bolt trap!
The orb of fire emits a lurid red light.
The fireball explodes!
The fireball engulfs you! You resist.
You die...

................▓.
▓....................((.
*........:.............▓.
......................▓▓
.................†....▓▓
......................#
,..................(..##
...........*...^...▓##
▓...X..@.2......▓▓▓▓
▓▓.....##▓▓▓▓▓▓▓▓▓▓▓#
#.........X.§d).^...###
.....^........d§##....##
.....^.......^dd.###...#
............^^.pq.###)..
..............^...# ##..
..................# #.) ,
.....$......# ##)


You could see an orb of fire, a hell beast and an Orb Guardian.

Vanquished Creatures
  the Royal Jelly (Slime:5)
  5 orbs of fire
  2 ancient liches (Zot:5)
  A juggernaut (Depths:4)
  Bai Suzhen (Depths:3)
  Saint Roka (Elf:3)
  11 caustic shrikes
  7 curse toes
  6 Killer Klowns
  12 golden dragons
  A bone dragon (Zot:3)
  Jorgrun (Spider:2)
  A hellephant (Abyss:3)
  5 electric golems
  The ghost of ak87 the Earth Mage, an adept DgEE (Vaults:2)
  23 Orb Guardians (Zot:5)
  29 tentacled monstrosities
  7 liches
  6 titans (Vaults:5)
  4 quicksilver dragons
  38 acid blobs
  6 sphinxes
  8 death cobs
  8 tengu reavers
  The ghost of zaque the Wrestler, an adept TrMo of Hepliaklqana (Spider:4)
  12 shadow dragons
  10 storm dragons
  Donald (Elf:3)
  13 azure jellies
  7 draconian monks
  Ilsuiw (Shoals:4)
  17 fire giants
  8 iron dragons
  5 draconian knights
  10 vault wardens
  The ghost of Irenicus the Bludgeoner, a journeyman NaBe of Trog (Spider:2)
  10 deep elf sorcerers
  3 draconian scorchers
  12 frost giants
  5 emperor scorpions
  4 draconian stormcallers
  4 ghost moths
  A balrug (Depths:1)
  A ghoul (Vaults:2)
  A spriggan defender (Depths:4)
  Aizul (Spider:3)
  2 war gargoyles (Vaults:5)
  7 draconian annihilators
  7 deep elf elementalists
  6 draconian shifters
  19 very ugly things
  23 stone giants
  12 ironheart preservers
  A reaper (Depths:2)
  A vampire knight (Depths:3)
  5 entropy weavers
  9 deep elf annihilators
  Azrael (D:12)
  8 deep elf demonologists
  8 green draconians
  16 spark wasps
  10 purple draconians
  8 white draconians
  9 yellow draconians
  12 black draconians
  The ghost of ThereIsNoGod the Brawler, a journeyman TrFi of Okawaru (D:13)
  10 red draconians
  4 merfolk javelineers (Shoals:4)
  A minotaur (Lab)
  8 deep elf death magi
  16 ettins
  13 yaktaur captains
  Josephine (D:10)
  10 merfolk impalers
  18 great orbs of eyes
  5 fire dragons
  10 deep elf high priests
  17 death oozes
  A great orb of eyes (shapeshifter) (Elf:2)
  17 ice dragons
  23 vault guards (Vaults:5)
  5 rakshasas
  12 hydras
  A hydra (shapeshifter) (Vaults:5)
  The ghost of Agrougrou the Carver, a journeyman BaSk of Okawaru (D:10)
  3 spriggan air magi
  2 death knights
  7 merfolk aquamancers
  2 alligator snapping turtles
  3 centaur warriors
  5 merfolk avatars
  4 catoblepae
  6 deep troll shamans
  14 ogre magi
  25 dancing weapons
  52 two-headed ogres
  7 death yaks (Lair:6)
  3 vampire magi
  A satyr (Shoals:4)
  13 tengu warriors
  A thrashing horror (Abyss:3)
  11 deep troll earth magi
  Urug (D:12)
  7 orc high priests (Orc:2)
  2 spriggan berserkers
  2 wretched stars (Abyss:3)
  Nergalle (D:10)
  22 deep elf knights
  13 sea snakes
  2 iron trolls (Depths:2)
  A sixfirhy (Zot:5)
  2 soul eaters
  A fire crab (Lair:3)
  6 shadow wraiths
  A cherub (Zot:5)
  11 skeletal warriors
  28 deep trolls
  2 storm dragon skeletons (Vaults:3)
  A spatial maelstrom (Abyss:3)
  5 unseen horrors
  6 hell knights
  2 wizards
  2 deep trolls (shapeshifter)
  7 flayed ghosts
  19 deep elf archers
  A sea snake (shapeshifter) (Vaults:5)
  3 glowing orange brains
  A kraken simulacrum (Shoals:4)
  A tengu zombie (Vaults:5)
  Pikel (D:8)
  11 orc knights
  36 wolf spiders
  A harpy (shapeshifter) (Vaults:3)
  25 orb spiders
  11 necromancers
  10 large abominations
  3 orc sorcerers
  An orb spider (shapeshifter) (Depths:3)
  14 harpies
  6 phantasmal warriors
  A frost giant zombie (Vaults:5)
  16 ironbrand convokers
  12 manticores
  37 ugly things
  10 cyclopes
  10 fauns
  A manticore (shapeshifter) (Vaults:5)
  9 shining eyes
  A stone giant zombie (Vaults:2)
  59 deep elf magi
  A worldbinder (Abyss:3)
  Maurice (Orc:1)
  A fire giant skeleton (Vaults:5)
  12 merfolk sirens
  An elephant (shapeshifter) (Vaults:5)
  23 moths of wrath
  2 black mambas (shapeshifter)
  2 human zombies (Vaults:2)
  8 water nymphs
  2 torpor snails
  A water nymph (shapeshifter) (Depths:5)
  4 eyes of devastation
  5 black mambas
  A guardian serpent (shapeshifter) (Depths:3)
  A titan simulacrum (Vaults:3)
  11 vault sentinels
  3 gargoyles
  14 spiny frogs
  A smoke demon (Abyss:3)
  An orange demon (Zot:5)
  A rime drake (Lair:6)
  A spriggan zombie (Depths:2)
  5 centaur skeletons
  2 rime drakes (shapeshifter)
  4 komodo dragons
  A kobold demonologist (D:15)
  5 freezing wraiths
  A yaktaur (shapeshifter) (Vaults:1)
  22 demonic crawlers
  7 hellwings
  4 tengu conjurers
  51 yaktaurs
  A red devil (Zot:5)
  38 merfolk
  A queen bee (Spider:4)
  3 meliai (Spider:4)
  A polar bear (Lair:5)
  26 jumping spiders
  9 hornets
  A tyrant leech (shapeshifter) (Depths:4)
  Grinder (D:5)
  8 trolls
  A polar bear (shapeshifter) (Vaults:3)
  5 blink frogs (Lair:2)
  135 slime creatures
  3 wind drakes
  A snapping turtle (shapeshifter) (Vaults:5)
  11 dream sheep
  18 hippogriffs
  34 tarantellas
  2 hippogriffs (shapeshifter)
  7 snapping turtles
  A frost giant simulacrum (Vaults:3)
  8 air elementals
  A spriggan (D:8)
  51 redbacks
  The ghost of pstr the Conjurer, an amateur KoCj of Qazlal (D:4)
  3 ynoxinuls
  A spriggan (shapeshifter) (Vaults:3)
  22 water elementals
  A tarantella (shapeshifter) (Vaults:4)
  10 wraiths
  4 wyverns
  6 fire bats
  25 yaks
  2 basilisks (shapeshifter)
  2 basilisks
  2 neqoxecs (Abyss:3)
  5 vampire mosquitoes
  8 fire elementals
  10 golden eyes
  2 hungry ghosts
  2 chaos spawn
  A hog (shapeshifter) (Elf:3)
  Menkaure (D:7)
  A harpy simulacrum (Vaults:1)
  9 wargs
  2 soldier ants
  2 acid dragons (D:15)
  10 water moccasins
  A floating eye (Depths:5)
  A floating eye (shapeshifter) (Vaults:5)
  7 hell hounds
  11 porcupines
  4 slaves (D:8)
  Duvessa (D:4)
  3 ice beasts
  7 eyes of draining
  2 hornet zombies
  27 orc warriors
  6 sky beasts
  4 black bears
  An ettin simulacrum (Vaults:2)
  3 necrophages (D:10)
  3 phantoms
  34 ogres
  11 boggarts
  A small abomination (Abyss:3)
  12 centaurs
  11 wolves (Lair:5)
  14 crocodiles
  A crocodile (shapeshifter) (Elf:2)
  2 big kobolds
  3 elf zombies
  Blork the orc (D:6)
  A bullfrog (shapeshifter) (Depths:4)
  19 bullfrogs
  3 earth elementals
  Dowan (D:4)
  6 scorpions
  30 killer bees
  10 wights
  2 electric eels (Lair:5)
  4 bullfrog zombies
  5 centaur zombies
  3 howler monkeys
  4 crimson imps
  A human simulacrum (Vaults:2)
  2 quasits
  7 bullfrog skeletons
  43 orc priests
  4 hounds
  16 jellies
  An iron imp (Zot:5)
  2 iguanas
  19 orc wizards
  11 worker ants
  2 killer bee zombies (D:7)
  2 hound skeletons
  A howler monkey zombie (D:5)
  16 adders
  3 gnolls (D:4)
  4 shadow imps
  A white imp (Abyss:3)
  5 oozes
  2 adder zombies
  2 adder skeletons
  4 worms
  A worm (shapeshifter) (Depths:1)
  2 dart slugs (D:1)
  9 leopard geckos
  103 orcs
  12 giant cockroaches
  17 goblins
  6 hobgoblins
  10 jackals
  27 kobolds
  3 quokkas
  2 ball pythons
  9 bats
  6 frilled lizards
  2 leopard gecko skeletons (D:7)
  A quokka skeleton (D:4)
  8 rats
  A crawling corpse (Elf:3)
  13 plants
  A tentacle (Shoals:4)
2573 creatures vanquished.

Vanquished Creatures (collateral kills)
  An Orb Guardian (Zot:5)
  A deep elf blademaster (Elf:3)
  Louise (Elf:3)
  A draconian knight (Zot:5)
  3 deep elf sorcerers (Elf:3)
  A deep elf demonologist (Elf:3)
  A black draconian (Zot:5)
  A white draconian (Zot:5)
  A vault guard (Vaults:5)
  A large abomination (Elf:3)
  A crawling corpse (Elf:3)
13 creatures vanquished.

Vanquished Creatures (others)
  A golden dragon (Zot:3)
  A lich (Vaults:5)
  2 deep elf master archers (Elf:3)
  A draconian annihilator (Zot:5)
  2 stone giants
  A merfolk javelineer (Shoals:4)
  2 yaktaur captains
  An ice dragon (Depths:1)
  A dancing weapon (Elf:3)
  A satyr (Shoals:4)
  A centaur warrior (Vaults:3)
  A shadow wraith (Vaults:2)
  2 deep elf archers
  2 deep elf magi (Elf:3)
  An ugly thing (Vaults:2)
  2 cyclopes
  14 yaktaurs
  A jumping spider (Spider:1)
  An ogre (Vaults:3)
  3 centaurs
  A shadow imp (Zot:5)
  5 fungi
  14 plants
  3 tentacles (Shoals:4)
64 creatures vanquished.

Grand Total: 2650 creatures vanquished

Notes
Turn   | Place    | Note
-------+----------+-------------------------------------------
     0 | D:1      | Minstaer the Minotaur Gladiator began the quest for the Orb.
     0 | D:1      | Reached XP level 1. HP: 18/18 MP: 0/0
   202 | D:1      | Reached skill level 4 in Long Blades
   202 | D:1      | Reached XP level 2. HP: 21/25 MP: 1/1
   669 | D:1      | Reached XP level 3. HP: 28/31 MP: 2/2
  1306 | D:2      | Reached skill level 5 in Long Blades
  1306 | D:2      | Reached XP level 4. HP: 40/40 MP: 3/3
  2077 | D:3      | Found a glowing silver altar of Zin.
  2077 | D:3      | Found a runed door.
  2077 | D:3      | Noticed an angel
  2277 | D:3      | Reached XP level 5. HP: 47/47 MP: 4/4
  2298 | D:3      | Reached skill level 5 in Fighting
  2660 | D:3      | Found a hide-covered altar of Uskayaw.
  2660 | D:3      | Noticed a dagger
  2661 | D:3      | Noticed a hand axe
  2670 | D:3      | Reached skill level 6 in Long Blades
  3140 | D:3      | Became a worshipper of Uskayaw the Reveler
  3243 | D:4      | Reached * piety under Uskayaw
  3269 | D:4      | Noticed pstr's ghost (amateur KoCj)
  3326 | D:3      | Reached XP level 6. HP: 38/57 MP: 5/5
  3326 | D:3      | Reached ** piety under Uskayaw
  3645 | D:4      | Found an iron altar of Okawaru.
  3646 | D:4      | Found a shimmering altar of Xom.
  3760 | D:4      | Found a bloodstained altar of Trog.
  3786 | D:4      | Killed pstr's ghost
  3786 | D:4      | Reached skill level 7 in Long Blades
  3786 | D:4      | Reached XP level 7. HP: 43/64 MP: 4/6
  3911 | D:4      | You fall through a shaft for 3 floors!
  3980 | D:7      | Found Keutan's Weapon Shoppe.
  4051 | D:7      | Reached skill level 8 in Long Blades
  4222 | D:5      | Entered Level 5 of the Dungeon
  4222 | D:5      | Noticed Blork the orc
  4236 | D:6      | Killed Blork the orc
  4451 | D:5      | Found a radiant altar of Vehumet.
  4550 | D:4      | Noticed Dowan
  4551 | D:4      | Noticed Duvessa
  4556 | D:4      | Killed Dowan
  4570 | D:4      | Killed Duvessa
  4570 | D:4      | Reached XP level 8. HP: 24/74 MP: 7/7
  4866 | D:4      | Found Zomelo's Gadget Shoppe.
  5195 | D:5      | Noticed Grinder
  5298 | D:5      | Reached skill level 9 in Long Blades
  5333 | D:5      | Reached skill level 1 in Shields
  5491 | D:5      | Reached skill level 1 in Armour
  5972 | D:5      | Killed Grinder
  5972 | D:5      | Reached *** piety under Uskayaw
  6112 | D:5      | Reached skill level 10 in Long Blades
  6361 | D:6      | Noticed a two-headed ogre
  6452 | D:6      | Reached XP level 9. HP: 74/85 MP: 8/8
  6705 | D:6      | Reached skill level 10 in Fighting
  7109 | D:6      | Killed a two-headed ogre
  7109 | D:6      | Reached skill level 11 in Long Blades
  7476 | D:7      | Reached **** piety under Uskayaw
  7652 | D:7      | Reached XP level 10. HP: 82/95 MP: 9/9
  7661 | D:7      | Reached ***** piety under Uskayaw
  7712 | D:7      | Found a staircase to the Ecumenical Temple.
  7727 | Temple   | Entered the Ecumenical Temple
  7907 | D:7      | Reached skill level 5 in Armour
  8073 | D:7      | Found a shattered altar of Ashenzari.
  8073 | D:7      | Found a white marble altar of Elyvilon.
  8124 | D:7      | Noticed Menkaure
  8128 | D:7      | Killed Menkaure
  8216 | D:8      | Reached skill level 5 in Shields
  8280 | D:8      | Noticed Pikel
  8348 | D:8      | Killed Pikel
  8348 | D:8      | Reached skill level 12 in Long Blades
  8826 | D:8      | Noticed a two-headed ogre
  8834 | D:8      | Killed a two-headed ogre
  9432 | D:9      | Found a bloodstained altar of Trog.
  9447 | D:9      | Found a flagged portal.
  9456 | Bailey   | Entered a bailey
  9516 | Bailey   | Noticed an orc knight
  9517 | Bailey   | Noticed an orc knight
  9531 | Bailey   | Killed an orc knight
  9898 | D:10     | Entered Level 10 of the Dungeon
  9898 | D:10     | Noticed Josephine
  9911 | D:9      | Reached skill level 13 in Long Blades
  9967 | D:10     | Reached XP level 11. HP: 91/105 MP: 10/10
 10192 | D:10     | Killed Josephine
 10361 | D:10     | Noticed Agrougrou's ghost (journeyman BaSk)
 10406 | D:10     | Killed Agrougrou's ghost
 10589 | D:10     | Noticed Nergalle
 10605 | D:10     | Killed Nergalle
 10737 | D:10     | Noticed a five-headed hydra
 11036 | D:10     | Killed an unseen horror
 11121 | D:10     | Reached skill level 14 in Long Blades
 11251 | D:11     | Found a shadowy altar of Dithmenos.
 11357 | D:11     | Found a staircase to the Lair.
 11421 | D:11     | Noticed a two-headed ogre
 11429 | D:11     | Killed a two-headed ogre
 11637 | D:11     | Found a staircase to the Orcish Mines.
 11814 | D:12     | Noticed Azrael
 11833 | D:12     | HP: 5/107 [Azrael/bolt of fire (18)]
 11834 | D:12     | HP: 1/107 [fire elemental[Azrael] (4)]
 11835 | D:12     | Killed Azrael
 11835 | D:12     | Reached XP level 12. HP: 1/115 MP: 11/11
 12177 | D:12     | Reached skill level 5 in Dodging
 12578 | D:12     | Reached skill level 10 in Shields
 12626 | D:12     | Noticed Urug
 12649 | D:12     | Killed Urug
 12945 | D:13     | Identified the Compendium of Ignition and Protection
 12948 | D:13     | Noticed a catoblepas
 13078 | Lair:1   | Entered Level 1 of the Lair of Beasts
 13358 | Lair:1   | Found a frozen archway.
 13486 | Lair:1   | Found a labyrinth entrance.
 13495 | Lab      | Entered a labyrinth
 13588 | Lab      | Found an exit through the horrors of the Abyss.
 13782 | Lab      | Noticed a minotaur
 13793 | Lab      | Killed a minotaur
 14242 | Lair:2   | Reached ****** piety under Uskayaw
 14383 | Lair:2   | Found a staircase to the Shoals.
 14537 | Lair:2   | Reached skill level 10 in Armour
 15045 | Lair:2   | Identified a scroll of acquirement
 15105 | Lair:3   | Got a jacinth-encrusted ring mail
 15116 | Lair:3   | Identified the +3 ring mail of Dogmatism {MR+} (You found it on level 3 of the Lair of Beasts)
 15421 | Lair:3   | Got a scorched long sword
 15423 | Lair:3   | Identified the +4 long sword of Uhoomiwn {elec, rC+ rN+ Str+4} (You found it on level 3 of the Lair of Beasts)
 15626 | Lair:3   | Noticed a seven-headed hydra
 15639 | Lair:3   | Killed a four-headed hydra
 15754 | Lair:3   | Reached XP level 13. HP: 122/122 MP: 12/12
 15958 | Lair:4   | Reached skill level 1 in Invocations
 15960 | Lair:4   | Reached skill level 1 in Evocations
 16162 | Lair:4   | Found a hole to the Spider Nest.
 16870 | Lair:5   | Found a staircase to the Slime Pits.
 17140 | Lair:6   | Entered Level 6 of the Lair of Beasts
 17750 | Lair:6   | Reached skill level 5 in Invocations
 17875 | Lair:6   | Reached skill level 15 in Shields
 17884 | Lair:6   | Reached XP level 14. HP: 125/129 MP: 16/16
 18111 | Lair:6   | Reached skill level 5 in Evocations
 18662 | Orc:1    | Entered Level 1 of the Orcish Mines
 18662 | Orc:1    | Noticed Maurice
 18772 | Orc:1    | Killed Maurice
 18920 | Orc:2    | Entered Level 2 of the Orcish Mines
 18990 | Orc:2    | Paralysed by an orc sorcerer for 3 turns
 19192 | Orc:2    | Found a roughly hewn altar of Beogh.
 19284 | Orc:2    | Found Womeh's Book Shoppe.
 19284 | Orc:2    | Found Vige's Magic Scroll Shop.
 19434 | Orc:2    | Found a staircase to the Elven Halls.
 19774 | Orc:2    | Found Kiychijo's Antique Armour Shoppe.
 19774 | Orc:2    | Found Ruyky's Antique Weapon Shop.
 20050 | D:7      | Bought the +10 zealot's sword {holy, *Rage rN+ EV+3} for 1159 gold pieces
 20407 | Spider:1 | Entered Level 1 of the Spider Nest
 20465 | Spider:1 | Noticed Roxanne
 21165 | Spider:1 | Found a roughly hewn altar of Beogh.
 21916 | Spider:2 | Noticed an emperor scorpion
 21927 | Spider:2 | Killed an emperor scorpion
 21990 | Spider:2 | Noticed Irenicus's ghost (journeyman NaBe)
 22115 | Spider:1 | Reached XP level 15. HP: 61/137 MP: 20/20
 22395 | Spider:2 | Noticed Jorgrun
 22404 | Spider:2 | Killed Irenicus's ghost
 22408 | Spider:2 | Killed Jorgrun
 23198 | Spider:3 | Reached skill level 15 in Long Blades
 23457 | Spider:3 | Noticed Aizul
 23469 | Spider:3 | Killed Aizul
 23753 | Spider:4 | Entered Level 4 of the Spider Nest
 23759 | Spider:4 | Noticed zaque's ghost (adept TrMo)
 23767 | Spider:4 | Killed zaque's ghost
 24045 | Spider:4 | Reached skill level 5 in Throwing
 24067 | Spider:4 | Reached skill level 15 in Fighting
 24418 | Spider:4 | Reached XP level 16. HP: 149/149 MP: 21/21
 24592 | Spider:4 | Gained mutation: You are somewhat resistant to further mutation. [mutagenic meat]
 24594 | Spider:4 | Gained mutation: You are weak. (Str -2) [mutagenic meat]
 24595 | Spider:4 | Gained mutation: You are agile. (Dex +2) [mutagenic meat]
 24596 | Spider:4 | Gained mutation: You are very weak. (Str -4) [mutagenic meat]
 24597 | Spider:4 | Lost mutation: You are agile. (Dex +2) [potion of mutation]
 24597 | Spider:4 | Lost mutation: You are somewhat resistant to further mutation. [potion of mutation]
 24597 | Spider:4 | Gained mutation: Armour fits poorly on your strangely shaped body. [potion of mutation]
 24597 | Spider:4 | Gained mutation: You are partially covered in slimy green scales. (AC +2) [potion of mutation]
 24597 | Spider:4 | Gained mutation: You are somewhat resistant to further mutation. [potion of mutation]
 24598 | Spider:4 | Lost mutation: Armour fits poorly on your strangely shaped body. [potion of mutation]
 24598 | Spider:4 | Gained mutation: You tend to lose your temper in combat. [potion of mutation]
 24599 | Spider:4 | Lost mutation: You are somewhat resistant to further mutation. [potion of mutation]
 24599 | Spider:4 | Lost mutation: You tend to lose your temper in combat. [potion of mutation]
 24599 | Spider:4 | Lost mutation: You are very weak. (Str -4) [potion of mutation]
 24599 | Spider:4 | Gained mutation: You are resistant to hostile enchantments. (MR+) [potion of mutation]
 24599 | Spider:4 | Gained mutation: You are highly resistant to hostile enchantments. (MR++) [potion of mutation]
 24599 | Spider:4 | Gained mutation: You have a pair of large horns on your head. [potion of mutation]
 24823 | Spider:3 | Lost mutation: You are weak. (Str -2) [mutagenic meat]
 24824 | Spider:3 | Gained mutation: You tend to lose your temper in combat. [mutagenic meat]
 24826 | Spider:3 | Gained mutation: Your muscles are strong. (Str +2) [mutagenic meat]
 24827 | Spider:3 | Gained mutation: You often lose your temper in combat. [mutagenic meat]
 24977 | Spider:3 | Reached skill level 16 in Long Blades
 25572 | Spider:4 | Got a gossamer rune of Zot
 26432 | D:13     | Noticed ThereIsNoGod's ghost (journeyman TrFi)
 26441 | D:13     | Killed ThereIsNoGod's ghost
 26482 | D:13     | Found Mycrer's Assorted Antiques.
 27054 | D:14     | Found Nacsek's Jewellery Emporium.
 27343 | D:14     | Got a warped scale mail
 27354 | D:14     | Identified the +2 scale mail of the Yeti {rF+ Int+2} (You found it on level 14 of the Dungeon)
 27669 | D:14     | Reached skill level 10 in Invocations
 27792 | D:14     | Found a gate to the Vaults.
 28230 | D:15     | Entered Level 15 of the Dungeon
 28246 | D:15     | Found Vulaehie's General Store.
 28385 | D:15     | Gained mutation: You are partially covered in rugged brown scales. (AC +1, +3% HP) [mutagenic meat]
 28388 | D:15     | Lost mutation: You are highly resistant to hostile enchantments. (MR++) [mutagenic meat]
 28470 | D:15     | Reached XP level 17. HP: 136/164 MP: 12/23
 28477 | D:15     | Gained mutation: You do not regenerate when monsters are visible. [mutagenic meat]
 28478 | D:15     | Lost mutation: You often lose your temper in combat. [potion of mutation]
 28478 | D:15     | Lost mutation: You tend to lose your temper in combat. [potion of mutation]
 28478 | D:15     | Lost mutation: Your muscles are strong. (Str +2) [potion of mutation]
 28478 | D:15     | Lost mutation: You have a pair of large horns on your head. [potion of mutation]
 28478 | D:15     | Lost mutation: You are resistant to hostile enchantments. (MR+) [potion of mutation]
 28478 | D:15     | Gained mutation: You are agile. (Dex +2) [potion of mutation]
 28478 | D:15     | Gained mutation: Your spells are a little easier to cast, but a little less powerful. [potion of mutation]
 28478 | D:15     | Gained mutation: You have sharp toenails. [potion of mutation]
 28479 | D:15     | Lost mutation: You are agile. (Dex +2) [potion of mutation]
 28479 | D:15     | Lost mutation: Your spells are a little easier to cast, but a little less powerful. [potion of mutation]
 28479 | D:15     | Gained mutation: You have sharp fingernails. [potion of mutation]
 28479 | D:15     | Gained mutation: Your magical capacity is low. (-10% MP) [potion of mutation]
 28479 | D:15     | Gained mutation: You are partially covered in thin metallic scales. (AC +2) [potion of mutation]
 28494 | D:15     | Gained mutation: Your system is resistant to poisons. (rPois) [mutagenic meat]
 28600 | D:13     | Bought a potion of mutation for 232 gold pieces
 28600 | D:13     | Lost mutation: Your system is resistant to poisons. (rPois) [potion of mutation]
 28600 | D:13     | Lost mutation: Your magical capacity is low. (-10% MP) [potion of mutation]
 28600 | D:13     | Lost mutation: You are partially covered in rugged brown scales. (AC +1, +3% HP) [potion of mutation]
 28600 | D:13     | Gained mutation: You are clumsy. (Dex -2) [potion of mutation]
 28600 | D:13     | Lost mutation: You are partially covered in thin metallic scales. (AC +2) [potion of mutation]
 28600 | D:13     | Gained mutation: You have a somewhat thin skeletal structure. (Dex +2, Stealth) [potion of mutation]
 28660 | D:15     | Bought a potion of mutation for 136 gold pieces
 28660 | D:15     | Lost mutation: You are clumsy. (Dex -2) [potion of mutation]
 28660 | D:15     | Lost mutation: You are partially covered in slimy green scales. (AC +2) [potion of mutation]
 28660 | D:15     | Lost mutation: You do not regenerate when monsters are visible. [potion of mutation]
 28660 | D:15     | Lost mutation: You have sharp toenails. [potion of mutation]
 28660 | D:15     | Lost mutation: You have a somewhat thin skeletal structure. (Dex +2, Stealth) [potion of mutation]
 28660 | D:15     | Gained mutation: You passively map a small area around you. [potion of mutation]
 28660 | D:15     | Gained mutation: Your flesh is cold resistant. (rC+) [potion of mutation]
 28709 | D:15     | Found Urhe's Antique Weapon Boutique.
 28721 | D:15     | Found Goturel's Magic Scroll Emporium.
 28728 | D:15     | Reached skill level 17 in Long Blades
 28760 | D:15     | Found Cusohila's Armour Shop.
 28761 | D:15     | Found a shattered altar of Ashenzari.
 28896 | D:15     | Found Vuiwn's Antique Weapon Shop.
 29173 | D:15     | Found a staircase to the Depths.
 29225 | D:15     | Bought a faintly glowing long sword for 289 gold pieces
 29277 | D:14     | Bought a +5 amulet of reflection for 659 gold pieces
 29339 | D:12     | Identified the +2 long sword of Indomitability {holy, +Blink Dex+6 Stlth+} (You bought it in a shop on level 15 of the Dungeon)
 29711 | Elf:1    | Entered Level 1 of the Elven Halls
 30255 | Elf:1    | Identified the Papyrus of Darkness
 30581 | Elf:2    | Reached XP level 18. HP: 169/169 MP: 25/25
 30716 | Elf:2    | Reached skill level 10 in Dodging
 30730 | Elf:2    | Found a runed gate.
 30730 | Elf:2    | Found a runed gate.
 30730 | Elf:2    | Found a runed gate.
 31714 | Elf:3    | Entered Level 3 of the Elven Halls
 31761 | Elf:3    | Reached XP level 19. HP: 177/177 MP: 26/26
 31823 | Elf:3    | Noticed Louise
 31838 | Elf:3    | Killed Louise
 32133 | Elf:3    | Noticed Donald
 32141 | Elf:3    | Killed Donald
 32212 | Elf:3    | Noticed a Brimstone Fiend
 32402 | Elf:3    | Cast into level 3 of the Abyss (a deep elf sorcerer)
 32433 | Elf:3    | Escaped the Abyss
 32512 | Elf:3    | Noticed Saint Roka
 32548 | Elf:3    | Killed Saint Roka
 32548 | Elf:3    | Reached XP level 20. HP: 114/184 MP: 28/28
 33640 | Elf:3    | Got a slimy jade ring
 33834 | Elf:3    | Cast into level 3 of the Abyss (a deep elf sorcerer)
 33841 | Abyss:3  | Identified the ring "Haecsifo" {rElec rF+ Str+4} (You took it off a deep elf high priest on level 3 of the Elven Halls)
 33993 | Abyss:3  | Noticed a bone dragon
 34200 | Abyss:3  | Gained mutation: Your system is resistant to poisons. (rPois) [a neqoxec]
 34277 | Abyss:3  | Noticed a profane servitor
 34324 | Elf:3    | Escaped the Abyss
 34431 | Elf:3    | Got a jewelled chain mail
 34445 | Elf:3    | Identified the cursed +1 chain mail of a labyrinth {rC+ rN++ Str-2 Dex+2} (You found it on level 3 of the Elven Halls)
 34931 | Elf:3    | Got a dazzling cloak
 34949 | Elf:3    | Identified the cursed +0 cloak of Xosorph {*Drain rC++ Stlth+} (You found it on level 3 of the Elven Halls)
 34962 | Elf:3    | Got a slimy chain mail
 35852 | Orc:2    | Bought a glowing hat for 203 gold pieces
 36053 | Elf:3    | Identified the +7 chain mail of the Komodo Dragon {rC+ Int+9 Dex-5} (You found it on level 3 of the Elven Halls)
 36597 | Shoals:1 | Entered Level 1 of the Shoals
 37036 | D:15     | Bought a +0 pair of boots of flying for 172 gold pieces
 38887 | Shoals:3 | Found Gaaro's General Store.
 38915 | Shoals:3 | Reached XP level 21. HP: 186/191 MP: 29/29
 38965 | Shoals:3 | Found Xefot's Assorted Antiques.
 39026 | Shoals:3 | Found Efuadeiq's Jewellery Shoppe.
 39345 | Shoals:3 | Found Ucuts's Armour Shoppe.
 39613 | Shoals:4 | Entered Level 4 of the Shoals
 39964 | Shoals:4 | Noticed Ilsuiw
 39995 | Shoals:4 | Killed Ilsuiw
 40440 | Shoals:4 | Reached skill level 18 in Long Blades
 40986 | Shoals:4 | Got a barnacled rune of Zot
 41446 | Depths:1 | Entered Level 1 of the Depths
 41847 | Depths:1 | Gained mutation: You passively map the area around you. [mutagenic meat]
 42001 | Depths:1 | Lost mutation: You passively map the area around you. [mutagenic meat]
 42002 | Depths:1 | Gained mutation: You are partially covered in yellow scales. (AC +2) [mutagenic meat]
 42004 | Depths:1 | Gained mutation: You are dopey. (Int -2) [mutagenic meat]
 42006 | Depths:1 | Lost mutation: You are dopey. (Int -2) [mutagenic meat]
 42007 | Depths:1 | Gained mutation: You tend to lose your temper in combat. [mutagenic meat]
 42010 | Depths:1 | Gained mutation: You have a pair of large horns on your head. [mutagenic meat]
 42011 | Depths:1 | Gained mutation: You are resistant to hostile enchantments. (MR+) [mutagenic meat]
 42012 | Depths:1 | Gained mutation: You are occasionally teleported next to monsters. [mutagenic meat]
 42421 | Depths:1 | Found a gateway to Hell.
 42437 | Depths:1 | Got a dazzling demon blade
 42700 | Depths:1 | You fall through a shaft!
 42955 | Depths:2 | Got a bound steel ring
 42957 | Depths:2 | Identified the ring of Bubeuxawn {rElec rPois AC+4 Dex-2 Slay+6} (You took it off a tengu warrior on level 2 of the Depths)
 42988 | Depths:2 | Identified the cursed +1 demon blade of Wim Bemm {flame, *Drain rElec rPois} (You found it on level 1 of the Depths)
 43021 | Depths:2 | Lost mutation: You have a pair of large horns on your head. [mutagenic meat]
 43107 | Depths:2 | Found a one-way gate leading to the halls of Pandemonium.
 43111 | Depths:2 | Reached skill level 19 in Long Blades
 43870 | Depths:2 | Reached XP level 22. HP: 204/204 MP: 31/31
 44047 | Depths:3 | Noticed Bai Suzhen
 44060 | Depths:3 | Killed Bai Suzhen
 44352 | Depths:3 | Gained mutation: You expend magic power (3 MP) to strengthen your wands. [mutagenic meat]
 44894 | Depths:3 | Got a bloodstained scale mail
 45017 | Depths:2 | Identified the +0 scale mail of the Fisher {+Inv} (You found it on level 3 of the Depths)
 45447 | Depths:3 | Identified the Disquisition on the Mountains
 45664 | Depths:4 | Reached skill level 20 in Long Blades
 45687 | Depths:4 | Noticed a golden dragon
 45696 | Depths:4 | Reached skill level 15 in Invocations
 45700 | Depths:4 | Killed a golden dragon
 45764 | Depths:4 | Noticed a caustic shrike
 45773 | Depths:4 | Killed a caustic shrike
 45844 | Depths:4 | Noticed a golden dragon
 45853 | Depths:4 | Killed a golden dragon
 45884 | Depths:4 | Noticed a caustic shrike
 45906 | Depths:4 | Killed a caustic shrike
 46149 | Depths:4 | Got a dazzling great sword
 46358 | Depths:4 | Reached XP level 23. HP: 217/217 MP: 33/33
 46362 | Depths:4 | Noticed a juggernaut
 46367 | Depths:4 | Noticed a caustic shrike
 46376 | Depths:4 | Killed a caustic shrike
 46388 | Depths:4 | Killed a juggernaut
 46539 | Depths:4 | Reached skill level 21 in Long Blades
 46584 | Depths:4 | Found a one-way gate to the infinite horrors of the Abyss.
 46604 | Depths:4 | Identified the +5 great sword of Deismog {freeze, +Inv rPois Str+4 Dex+7} (You found it on level 4 of the Depths)
 46656 | Depths:4 | Found a gateway to a ziggurat.
 46852 | Depths:5 | Entered Level 5 of the Depths
 47040 | Depths:5 | Found a hide-covered altar of Uskayaw.
 47040 | Depths:5 | Found a white marble altar of Elyvilon.
 47041 | Depths:5 | Found a shattered altar of Ashenzari.
 47054 | Depths:5 | Noticed a caustic shrike
 47063 | Depths:5 | Killed a caustic shrike
 47067 | Depths:5 | Noticed a caustic shrike
 47069 | Depths:5 | Noticed a caustic shrike
 47078 | Depths:5 | Killed a caustic shrike
 47084 | Depths:5 | Killed a caustic shrike
 47165 | Depths:5 | Noticed a caustic shrike
 47169 | Depths:5 | Killed a caustic shrike
 47469 | Depths:5 | Noticed a caustic shrike
 47478 | Depths:5 | Killed a caustic shrike
 47488 | Depths:5 | Noticed a caustic shrike
 47502 | Depths:5 | Killed a caustic shrike
 47541 | Depths:5 | Reached XP level 24. HP: 143/232 MP: 34/34
 48281 | Depths:5 | Found a gate to the Realm of Zot.
 48406 | Depths:5 | Reached skill level 22 in Long Blades
 48784 | Slime:1  | Entered Level 1 of the Pits of Slime
 48800 | Slime:1  | Reached skill level 15 in Armour
 51170 | Slime:5  | Entered Level 5 of the Pits of Slime
 51266 | Slime:5  | Noticed the Royal Jelly
 51271 | Slime:5  | Found a viscous altar of Jiyva.
 51274 | Slime:5  | Killed the Royal Jelly
 51274 | Slime:5  | Reached XP level 25. HP: 209/243 MP: 34/34
 51315 | Slime:5  | Gained mutation: You are sometimes teleported next to monsters. [a shining eye]
 51787 | Slime:5  | Got a slimy rune of Zot
 52534 | Orc:2    | Bought a crystal plate armour for 2320 gold pieces
 52565 | Orc:2    | Bought a scroll of enchant armour for 127 gold pieces
 52759 | Vaults:1 | Entered Level 1 of the Vaults
 53505 | Vaults:1 | Reached skill level 23 in Long Blades
 54273 | Vaults:2 | Noticed ak87's ghost (adept DgEE)
 54284 | Vaults:2 | Killed ak87's ghost
 54787 | Vaults:2 | Reached skill level 15 in Dodging
 55266 | Vaults:2 | Found a staircase to the Crypt.
 55877 | Vaults:3 | Reached XP level 26. HP: 254/254 MP: 35/35
 56045 | Vaults:3 | Found Zoshrea's Magic Scroll Boutique.
 57295 | Vaults:4 | Found a portal to a secret trove of treasure.
 57406 | Vaults:4 | Found Uvoetsur's Gadget Boutique.
 58119 | Vaults:4 | Reached skill level 24 in Long Blades
 58243 | Vaults:5 | Entered Level 5 of the Vaults
 58633 | Vaults:5 | Reached XP level 27. HP: 230/264 MP: 35/35
 58741 | Vaults:5 | Got a silver rune of Zot
 59134 | Vaults:5 | Got a pitted glass ring
 59135 | Vaults:5 | Identified the ring "Guiwkome" {MR++ Int+4} (You took it off a deep elf death mage on level 5 of the Vaults)
 60558 | Zot:1    | Entered Level 1 of the Realm of Zot
 61107 | Zot:1    | Reached skill level 25 in Long Blades
 61889 | Zot:2    | Identified the +6 chain mail of Valour {Int+2 Slay+2} (You found it on level 2 of the Realm of Zot)
 62649 | Zot:3    | Noticed an orb of fire
 62659 | Zot:3    | Killed an orb of fire
 62728 | Zot:3    | Reached skill level 26 in Long Blades
 63391 | Zot:3    | Reached skill level 27 in Long Blades
 63443 | Zot:3    | Noticed an orb of fire
 63452 | Zot:3    | Gained mutation: Scrolls take you a little longer to read. [an orb of fire]
 63455 | Zot:3    | Killed an orb of fire
 64805 | Zot:5    | Entered Level 5 of the Realm of Zot
 65183 | Zot:5    | Noticed an ancient lich
 65184 | Zot:5    | Noticed an orb of fire
 65186 | Zot:5    | Noticed an orb of fire
 65187 | Zot:5    | Noticed an orb of fire
 65195 | Zot:5    | Killed an ancient lich
 65197 | Zot:5    | Killed an orb of fire
 65216 | Zot:5    | Lost mutation: You tend to lose your temper in combat. [potion of mutation]
 65216 | Zot:5    | Lost mutation: You passively map a small area around you. [potion of mutation]
 65216 | Zot:5    | Lost mutation: You are sometimes teleported next to monsters. [potion of mutation]
 65216 | Zot:5    | Lost mutation: You expend magic power (3 MP) to strengthen your wands. [potion of mutation]
 65217 | Zot:5    | Lost mutation: You are occasionally teleported next to monsters. [potion of mutation]
 65217 | Zot:5    | Lost mutation: Scrolls take you a little longer to read. [potion of mutation]
 65217 | Zot:5    | Lost mutation: You are resistant to hostile enchantments. (MR+) [potion of mutation]
 65217 | Zot:5    | Gained mutation: You have very sharp fingernails. [potion of mutation]
 65217 | Zot:5    | Gained mutation: You have large cloven feet. [potion of mutation]
 65266 | Zot:5    | Killed an orb of fire
 65280 | Zot:5    | Noticed an ancient lich
 65286 | Zot:5    | Killed an ancient lich
 65404 | Zot:5    | Got the Orb of Zot
 65458 | Zot:5    | Gained mutation: You are clumsy. (Dex -2) [an orb of fire]
 65459 | Zot:5    | Killed an orb of fire
 65587 | Zot:5    | Noticed an orb of fire
 65597 | Zot:5    | HP: 6/270 [orb of fire/fireball (23)]
 65599 | Zot:5    | HP: 2/270 [orb of fire/bolt of fire (10)]
 65614 | Zot:5    | Killed from afar by an orb of fire

Skill      XL: |  1  2  3  4  5  6  7  8  9 10 11 12 13 14 15 16 17 18 19 20 21 22 23 24 25 26 27 |
---------------+----------------------------------------------------------------------------------+-----
Long Blades    | 4 5 6 7 8 10 11 13 14 15 16 17 19 20 21 22 23 24 27 | 27.0
Fighting       | 3 4 5 6 8 9 11 12 13 15 16 17 18 20 22 23 24 26 | 26.3
Shields        | 2 4 6 8 12 15 16 17 18 21 22 23 24 26 | 26.5
Armour         | 2 4 6 8 10 11 14 15 16 18 21 | 21.8
Dodging        | 4 7 9 10 11 13 14 15 17 | 17.0
Invocations    | 5 9 10 11 12 14 15 16 17 18 19 21 | 21.2
Evocations     | 4 8 |  8.0
Throwing       | 6 8 |  8.0

Action                   |  1- 3 |  4- 6 |  7- 9 | 10-12 | 13-15 | 16-18 | 19-21 | 22-24 | 25-27 || total
-------------------------+-------+-------+-------+-------+-------+-------+-------+-------+-------++-------
Melee: Long sword        |    70 |   115 |    14 |    12 |   443 |       |   813 |     6 |  1532 ||  3005
       Headbutt          |     9 |    20 |    55 |   165 |   293 |   205 |   409 |   400 |   855 ||  2411
       Scimitar          |       |       |   210 |   627 |    34 |     7 |       |       |       ||   878
       Eudemon blade     |       |       |       |       |   462 |   654 |   465 |  1089 |   650 ||  3320
 Fire: Hunting sling     |       |       |    25 |     4 |       |       |       |       |       ||    29
Throw: Throwing net      |     1 |     6 |     5 |       |       |       |     2 |       |     2 ||    16
       Stone             |       |     8 |       |     1 |       |       |       |       |       ||     9
       Tomahawk          |       |     6 |    27 |    37 |    11 |       |     4 |       |       ||    85
Invok: Stomp             |       |       |       |     1 |     1 |     1 |       |       |     9 ||    12
       Line Pass         |       |       |       |     1 |       |       |       |       |       ||     1
 Abil: Stop Flying       |       |       |       |       |       |       |     2 |     2 |       ||     4
       Evoke Flight      |       |       |       |       |       |       |     1 |     2 |       ||     3
Evoke: Wand              |       |       |     1 |     4 |     3 |       |       |       |     4 ||    12
       Phial of floods   |       |       |       |       |       |       |       |       |     1 ||     1
  Use: Scroll            |       |     4 |     4 |    19 |     7 |     9 |    12 |     4 |    25 ||    84
       Potion            |       |     1 |     4 |     7 |     6 |    14 |     4 |       |    16 ||    52
 Stab: Held in net/web   |     1 |       |     2 |       |       |       |       |       |     1 ||     4
       Paralysed         |       |       |     3 |    22 |    82 |    57 |   129 |   138 |   302 ||   733
       Invisible         |       |       |       |     4 |       |       |       |       |       ||     4
       Sleeping          |       |       |       |     2 |       |       |       |     3 |       ||     5
       Petrified         |       |       |       |       |     2 |       |       |       |       ||     2
       Petrifying        |       |       |       |       |     1 |       |       |       |       ||     1
       Distracted        |       |       |       |       |       |       |       |     2 |       ||     2
  Eat: Chunk             |     1 |     6 |     9 |    17 |    24 |    37 |    53 |    17 |    34 ||   198
       Meat ration       |       |     1 |       |     2 |     1 |     1 |     2 |     2 |     1 ||    10
       Bread ration      |       |       |       |       |       |       |       |       |     3 ||     3
Armor: Leather armour    |     7 |       |    28 |   134 |       |       |       |       |       ||   169
       Ring mail         |     6 |    27 |     8 |     8 |   202 |   109 |       |       |       ||   360
       Scale mail        |       |       |       |       |       |    37 |       |       |       ||    37
       Chain mail        |       |       |       |       |       |    16 |   115 |    30 |       ||   161
       Skin              |       |       |       |       |       |       |     1 |     3 |       ||     4
       Quicksilver drago |       |       |       |       |       |       |       |    84 |    27 ||   111
       Crystal plate arm |       |       |       |       |       |       |       |       |   440 ||   440
Dodge: Dodged            |    31 |    63 |   106 |   160 |   283 |   236 |   165 |   203 |   394 ||  1641
Block: Shield            |       |       |    49 |   248 |       |       |       |       |       ||   297
       Large shield      |       |       |       |    37 |   942 |   670 |  1255 |   894 |  2167 ||  5965
       Reflection        |       |       |       |       |       |    24 |   167 |    42 |   129 ||   362
       Rpst.: Long sword |     7 |    17 |     1 |     1 |    23 |       |    17 |       |    49 ||   115
       Scimitar          |       |       |    32 |    31 |       |       |       |       |       ||    63
       Eudemon blade     |       |       |       |       |    34 |    26 |    15 |    26 |    11 ||   112
